 Dungeon Crawl Stone Soup version 0.19.4-10-g532645f (webtiles) character file.

123 volk64 the Insei (level 5, -1/33 HPs)
             Began as an Octopode Transmuter on Feb 25, 2017.
             Was a Follower of Ashenzari.
             Killed from afar by an orc wizard (8 damage)
             ... with a magic dart
             ... on level 3 of the Dungeon.
             The game lasted 00:11:21 (1565 turns).

volk64 the Insei (Octopode Transmuter)              Turns: 1565, Time: 00:11:24

Health: -1/33      AC:  1    Str:  9    XL:     5   Next: 7%
Magic:  9/9        EV: 14    Int: 17    God:    Ashenzari [*.....]
Gold:   191        SH:  0    Dex: 12    Spells: 2 memorised, 6 levels left

rFire  . . .     SeeInvis .     o - +0 hand axe
rCold  . . .     Gourm    .     (no shield)
rNeg   . . .     Faith    .     (helmet restricted)
rPois  .         Spirit   .     (no amulet)
rElec  .         Reflect  .     (no ring)
rCorr  .         Harm     .     (no ring)
MR     .....                    (no ring)
Stlth  ++........               (no ring)
                                (no ring)
                                (no ring)
                                (no ring)
                                (no ring)

@: confused, appendage
A: almost no armour, stealthy swim, amphibious, 8 rings, constrict 8, tentacle
spike 3, camouflage 1, gelatinous body 1
a: End Transformation, Curse Item, Scrying, Renounce Religion


You were on level 3 of the Dungeon.
You worshipped Ashenzari.
Ashenzari was aware of your devotion.
You were not hungry.
One of your tentacles had a temporary spike.
You visited 1 branch of the dungeon, and saw 3 of its levels.

You collected 191 gold pieces.

Inventory:

Hand Weapons
 o - a +0 hand axe (weapon)
Missiles
 a - 64 arrows
Jewellery
 d - an uncursed ring of ice
 e - a +5 ring of intelligence
Scrolls
 j - a scroll of recharging
 m - a scroll of identify {unknown}
 n - a scroll of fear
Potions
 i - a potion of lignification {unknown}
 k - a potion of berserk rage {unknown}
Books
 b - a book of Changes

   Spells                             Type                      Level
   a - Beastly Appendage              Transmutation                1
   b - Sticks to Snakes               Transmutation                2
   c - Spider Form                    Transmutation/Poison         3
   d - Ice Form                       Ice/Transmutation            4
   e - Blade Hands                    Transmutation                5
Comestibles
 c - 2 bread rations
 f - 3 chunks of flesh
 g - a meat ration


   Skills:
 + Level 1.1 Fighting
 + Level 0.2 Axes
 + Level 2.6 Dodging
 + Level 1.7 Stealth
 + Level 3.7 Unarmed Combat
 + Level 2.7 Spellcasting
 + Level 3.1 Transmutations


You had 6 spell levels left.
You knew the following spells:

 Your Spells              Type           Power        Failure   Level  Hunger
a - Beastly Appendage     Tmut           ##....       6%          1    #......
b - Sticks to Snakes      Tmut           ##......     10%         2    ##.....


Dungeon Overview and Level Annotations

Branches:
Dungeon (3/15)

Altars:
Ashenzari

Annotations:
D:3 nikopol's ghost, amateur GrBe


Innate Abilities, Weirdness & Mutations

You cannot wear most types of armour.
You are very stealthy in the water. (Stealth+)
You are amphibious.
You can wear up to eight rings at the same time.
You can use your tentacles to constrict eight enemies at once.
Your skin changes colour to match your surroundings (Stealth+).
Your rubbery body absorbs attacks. (AC +1, EV +1)
One of your tentacles bears a large vicious spike.


Message History

Nikopol's ghost (amateur Gargoyle Berserker) comes into view.
You completely miss the orc wizard.
Nikopol's ghost turns its malevolent gaze towards you.
You squeeze the orc wizard.
You kill the orc wizard!
You have reached level 5!
You feel clever.
You barely miss something. Something hits you.
* * * LOW HITPOINT WARNING * * *
You barely miss something.
Your tentacle spike misses something.
Your squeeze misses something. You closely miss the orc. Something hits you.
* * * LOW HITPOINT WARNING * * *
The orc closely misses you. The orc closely misses your adder.
It was a potion of ambrosia.
You are confused.
You feel invigorated.
You hear some strange, mumbled words.
A magic dart appears from out of thin air!
The magic dart hits you!
You die...

#. #.## # #..
#.#.! # #<#.. #
#.##.#.###.#.#
#.....{o....##.
#..S@....W..
###.#######.
#.# #<# #.# #.#
... #.# #.#


You could see nikopol's ghost, an orc and a friendly adder.

Vanquished Creatures
  An orc wizard (D:3)
  5 adders (D:2)
  A worm (D:2)
  2 dart slugs (D:1)
  A leopard gecko (D:1)
  2 ball pythons
  11 bats
  2 giant cockroaches (D:1)
  3 goblins
  A hobgoblin (D:1)
  2 jackals (D:2)
  2 frilled lizards
  5 kobolds
  5 rats (D:1)
43 creatures vanquished.

Vanquished Creatures (collateral kills)
  An adder (D:2)
  A bat (D:2)
  A hobgoblin (D:2)
  A kobold (D:2)
4 creatures vanquished.

Grand Total: 47 creatures vanquished

Notes
Turn   | Place    | Note
-------+----------+-------------------------------------------
     0 | D:1      | volk64 the Octopode Transmuter began the quest for the Orb.
     0 | D:1      | Reached XP level 1. HP: 13/13 MP: 3/3
    56 | D:1      | Reached XP level 2. HP: 16/18 MP: 3/5
   432 | D:1      | Reached XP level 3. HP: 18/23 MP: 4/6
   436 | D:1      | Learned a level 2 spell: Sticks to Snakes
   956 | D:2      | Found a faded altar of an unknown god.
   967 | D:2      | Became a worshipper of Ashenzari the Shackled
   967 | D:2      | Reached * piety under Ashenzari
   990 | D:2      | Reached skill level 1 in Stealth
   999 | D:2      | Reached XP level 4. HP: 24/28 MP: 1/7
  1563 | D:3      | Noticed nikopol's ghost (amateur GrBe)
  1563 | D:3      | Reached XP level 5. HP: 12/33 MP: 4/9
  1565 | D:3      | Killed from afar by an orc wizard

Skill      XL: |  1  2  3  4 |
---------------+-------------+-----
Stealth        | 1 |  1.7
Transmutations | 3 |  3.1
Fighting       | |  1.1
Axes           | |  0.2
Dodging        | |  2.6
Unarmed Combat | |  3.7
Spellcasting   | |  2.7

Action                   |  1- 3 |  4- 6 || total
-------------------------+-------+-------++-------
Melee: Unarmed           |    59 |     1 ||    60
       Constrict         |    15 |     9 ||    24
       Kick              |    11 |     6 ||    17
       Tentacles         |     8 |    10 ||    18
       Dagger            |       |    25 ||    25
       Hand axe          |       |    13 ||    13
 Cast: Beastly Appendage |    20 |     8 ||    28
       Sticks to Snakes  |     4 |     2 ||     6
  Use: Scroll            |     4 |     1 ||     5
       Potion            |     2 |     1 ||     3
 Stab: Sleeping          |     4 |     1 ||     5
  Eat: Chunk             |     1 |     2 ||     3
Armor: Skin              |     9 |     9 ||    18
Dodge: Dodged            |    49 |    30 ||    79
